 Dungeon Crawl Stone Soup version 0.28-a0-1143-gcf6077d4cc (webtiles) character file.

Game seed: 9143135772042079786

68 kae the Chopper (level 4, -2/39 HPs)
             Began as a Hill Orc Fighter on Dec 13, 2021.
             Slain by a gnoll (12 damage)
             ... on level 2 of the Dungeon.
             The game lasted 00:00:42 (1060 turns).

kae the Chopper (Hill Orc Fighter)                  Turns: 1060, Time: 00:00:43

Health: -2/39      AC:  6    Str: 26    XL:     4   Next: 19%
Magic:  4/4        EV:  9    Int:  8    God:
Gold:   45         SH:  4    Dex: 10    Spells: 3/3 levels left

rFire   + . .      SeeInvis .   a - +0 war axe
rCold   . . .      Faith    .   c - +0 buckler
rNeg    . . .      Spirit   .   b - +0 scale mail
rPois   .          Reflect  .   (no helmet)
rElec   .          Harm     .   (no cloak)
rCorr   .          Rampage  .   (no gloves)
Will    .....                   (no boots)
Stlth   ..........              (no amulet)
HPRegen 0.13/turn               e - ring of protection from fire
MPRegen 0.09/turn               f - +6 ring of strength

@: no status effects
A: no striking features
a: no special abilities


You were on level 2 of the Dungeon.
You visited 1 branch of the dungeon, and saw 2 of its levels.

You collected 45 gold pieces.

Inventory:

Hand Weapons
 a - a +0 war axe (weapon)
Armour
 b - a +0 scale mail (worn)
 c - a +0 buckler (worn)
Jewellery
 e - a ring of protection from fire (left hand)
 f - a +6 ring of strength (right hand)
Scrolls
 g - a scroll of identify
 h - a scroll of teleportation
Potions
 d - a potion of might


   Skills:
 - Level 3.6 Fighting
 + Level 5.8 Axes
 - Level 3.2 Armour
 - Level 3.2 Shields


You had 3 spell levels left.
You didn't know any spells.
Your spell library was empty.

Dungeon Overview and Level Annotations

Branches:
Dungeon (2/15)

Altars:


Message History

You hit the gnoll.
You kill the gnoll!
The gnoll closely misses you. The gnoll hits you with a +0 spear.
Things that are here:
a +0 club; a gnoll corpse You closely miss the gnoll.
The gnoll hits you but does no damage. x2
A gnoll comes into view. It is wielding a +0 club.
You hit the gnoll.
The gnoll is lightly wounded.
You block the gnoll's attack.
You closely miss the gnoll.
The gnoll is lightly wounded.
The gnoll hits you with a +0 spear.
You slash the gnoll!
The gnoll is almost dead.
You block the gnoll's attack.
You barely miss the gnoll.
The gnoll is almost dead.
The gnoll hits you with a +0 spear.
You slash the gnoll!
You kill the gnoll!
You have reached level 4!
You slash the gnoll!
The gnoll is heavily wounded.
The gnoll hits you with a +0 club. The gnoll closely misses you.
The gnoll barely misses you.
You slash the gnoll!
You kill the gnoll!
The gnoll closely misses you.
The gnoll hits you from afar with a +0 spear.
* * * LOW HITPOINT WARNING * * *
The gnoll closely misses you. The gnoll hits you with a +0 spear.
* * * LOW HITPOINT WARNING * * *
Things that are here:
a +0 club; a +0 spear; a gnoll corpse You slash the gnoll!
The gnoll is heavily wounded.
The gnoll hits you from afar with a +0 halberd!
You die...

###..#########....#
# #.........##....#
# #.........##(...#
#####
#......(..##....#
......
#.....(...#######
...... #.........#
...... #..####'###
...... #.## #)#
...... #.# #@#
...... #.# #g#
...... #+# #g#
..... ......ggJ...#
............#
.......(....#
............#
...)..........
###...####.....


You could see 4 gnolls and an endoplasm.

Vanquished Creatures
  3 gnolls (D:2)
  An adder (D:2)
  A worm (D:2)
  A dart slug (D:1)
  3 ball pythons
  2 bats
  2 endoplasms
  A hobgoblin (D:1)
  6 jackals
  A frilled lizard (D:1)
  2 goblins (D:1)
  3 rats
  A bush (D:1)
27 creatures vanquished.

Notes
Turn   | Place    | Note
-------+----------+-------------------------------------------
     0 | D:1      | kae the Hill Orc Fighter began the quest for the Orb.
     0 | D:1      | Reached XP level 1. HP: 19/19 MP: 1/1
    39 | D:1      | Reached skill level 3 in Axes
   204 | D:1      | Reached XP level 2. HP: 23/26 MP: 2/2
   494 | D:1      | Reached skill level 4 in Axes
   709 | D:2      | Reached XP level 3. HP: 20/31 MP: 3/3
   910 | D:2      | Reached skill level 5 in Axes
  1057 | D:2      | Reached XP level 4. HP: 15/39 MP: 4/4
  1060 | D:2      | Slain by a gnoll

Illustrated notes

Levels and vault maps discovered:
D:1:      lightli_arrival_noodles, layout_rooms, minmay_hedge_maze,
          kennysheep_decorative_pillar
D:2:      layout_basic, minmay_misc_feat_pillars, grunt_ministairs_1,
          hex_intersection

Skill      XL: |  1  2  3 |
---------------+----------+-----
Axes           | 3 4 5 |  5.8
Fighting       | |  3.6
Armour         | |  3.2
Shields        | |  3.2

Action                   |  1- 3 |  4- 6 || total
-------------------------+-------+-------++-------
Melee: War axe           |   123 |     3 ||   126
  Use: Scroll            |     1 |       ||     1
       Potion            |     1 |       ||     1
Armor: Scale mail        |    41 |       ||    41
Dodge: Dodged            |    45 |     4 ||    49
Block: Buckler           |    16 |       ||    16

Table legend: (Time is in decaauts)
 A = Elapsed time spent in this place.
 B = Non-inter-level travel time spent in this place.
 C = Inter-level travel time spent in this place.
 D = Time resting spent in this place.
 E = Time spent auto-exploring this place.
 F = Levels seen in this place.
 G = Mean time per level.
                   A        B        C        D        E       F      G
               +--------+--------+--------+--------+--------+-----+--------+
         Total |   1095 |   1074 |     21 |      0 |    828 |   2 |  547.5 |
       Dungeon |   1095 |   1074 |     21 |      0 |    828 |   2 |  547.5 |
               +--------+--------+--------+--------+--------+-----+--------+

Top non-repeatable levels by time:
     D:1: 677 daAuts
     D:2: 418 daAuts
